[Event "IM Marmaris Karia III 2018"]
[Site "Mentese Mugla"]
[Date "2018.10.26"]
[Round "1.5"]
[White "Alaz, Ahmet Efekan"]
[Black "Gevorgyan, Maria"]
[Result "1/2-1/2"]
[ECO "D05"]
[WhiteElo "2121"]
[BlackElo "2207"]
[Annotator "NA"]
[PlyCount "191"]
[EventDate "2018.10.26"]
[EventType "tourn"]
[EventCountry "TUR"]
[SourceTitle "playchess.com"]
[Source "ChessBase"]
[SourceQuality "1"]
[TimeControl "5400+30"]

1. d4 Nf6 2. Nf3 e6 3. e3 d5 4. Bd3 c5 5. c3 Nc6 6. Nbd2 Be7 7. O-O O-O 8. dxc5 {[%emt 0:01:30] LiveBook: 30 Games D05: Damenbauernspiele (Colle-Aufbau)} (8. Ne5 Nd7 9. f4 f5 10. g4 Nf6 11. gxf5 exf5 12. Ndf3 Ne4 13. Qe2 Rf6 14. Kh1 Rh6 15. Rg1 Nxe5 16. Nxe5 {0-1 (62) Kramnik,V (2812)-Vachier Lagrave,M (2789) Paris 2016 CBM 173 [Mekhitarian,K]}) 8... a5 9. e4 a4 10. Re1 $146 ({Vorgänger:} 10. Qe2 Qc7 11. h3 h6 12. exd5 exd5 13. b4 axb3 14. Nxb3 Re8 15. Be3 Ne4 {0-1 (40) Schormann,C (2105)-Pontikis,A (2000) IECG email 2004}) 10... Bxc5 11. Qe2 Ng4 12. Rf1 Nce5 13. Nxe5 Nxe5 14. exd5 Nxd3 15. Qxd3 Qxd5 16. Qxd5 exd5 17. Nf3 Re8 18. Bd2 Ra6 19. Rfe1 Rae6 20. Nd4 Rxe1+ 21. Rxe1 Rxe1+ 22. Bxe1 Bd7 23. Bd2 f6 24. Be3 Kf7 25. Kf1 g5 26. f3 h5 27. Kf2 Bd6 28. g3 h4 29. a3 Kg6 30. Kg2 Kh5 31. Kf2 f5 32. Ne2 Bc7 33. Kg2 Bc6 34. Kf2 Bd6 35. Bb6 Kg6 36. Nd4 Bd7 37. Ne2 hxg3+ 38. hxg3 Be7 39. Ke3 Kf7 40. Nc1 Bd6 41. Ne2 Ke7 42. f4 Bb5 43. Nd4 gxf4+ 44. gxf4 Bd7 45. Nf3 Ke6 46. Ne1 Kf6 47. Nd3 Bb5 48. Ne1 Kg6 49. Kf3 Be7 50. Nc2 Bd3 51. Nd4 Kh5 52. Ne6 Be4+ 53. Ke3 Kg4 54. Bd8 Bd6 55. Bc7 Be7 56. Bd8 Bxd8 57. Nxd8 d4+ 58. Kxd4 Kxf4 59. c4 (59. Ne6+ $11 Kg4 60. Ke5) 59... Kg3 60. Ne6 {[%emt 0:00:31] [#]} Bc6 ({Better is} 60... Bb1 $1 $17 61. Ke5 Kg4) 61. Ke3 b6 62. Nf4 $1 Bb7 63. Nh5+ Kg4 64. Nf4 Ba6 65. Ng6 (65. Nd5 $1 $11) 65... Kg3 66. Nf4 Bxc4 67. Nh5+ $1 Kg4 68. Nf4 Bf7 69. Nd3 Be8 70. Ne5+ Kg3 71. Nd3 Kg2 72. Ne5 Kg3 73. Nd3 Bc6 74. Nf4 Bb5 75. Nd5 Bd7 76. Nf4 Bc6 77. Ne2+ Kg2 ({Better is} 77... Kg4 $17 78. Nf4 b5) 78. Nd4 Bd7 79. Ne2 {[%emt 0:02:07] [#]} (79. Kf4 $11) 79... Kf1 (79... b5 $1 $17 80. Kf4 Kf1) 80. Nc3 $2 (80. Nd4 $11 {und Weiss muss sich keine Sorgen machen.}) 80... Ke1 81. Nd5 b5 82. Nf4 Kd1 83. Kd3 Bc6 84. Kc3 Be8 85. b3 axb3 86. Kxb3 $19 Kd2 87. Kb2 Ke3 88. Nd5+ Kd4 89. Nf4 Bf7 90. Kc2 Ke3 91. Ng2+ Kf3 92. Nh4+ Kg4 93. Nxf5 Kxf5 94. Kc3 Ke4 95. a4 bxa4 96. Kb2 1/2-1/2

[Event "IM Marmaris Karia III 2018"]
[Site "Mentese Mugla"]
[Date "2018.10.25"]
[Round "2.3"]
[White "Rzayev, Bahruz"]
[Black "Guseynov, Alihan"]
[Result "1/2-1/2"]
[ECO "B14"]
[WhiteElo "2381"]
[BlackElo "2284"]
[Annotator "NA"]
[PlyCount "60"]
[EventDate "2018.10.26"]
[EventType "tourn"]
[EventCountry "TUR"]
[SourceTitle "playchess.com"]
[Source "ChessBase"]
[SourceQuality "1"]
[TimeControl "5400+30"]

1. e4 c6 2. d4 d5 3. exd5 cxd5 4. c4 Nf6 5. Nc3 e6 6. Nf3 Bb4 7. a3 Bxc3+ 8. bxc3 O-O 9. c5 b6 10. cxb6 axb6 11. Bd3 Ba6 12. O-O Qc7 13. Bxa6 Rxa6 14. Qd3 Rc8 15. Bb2 h6 16. Ne5 Qb7 17. c4 dxc4 18. Nxc4 b5 19. Ne3 Nbd7 20. Rfc1 Rxc1+ 21. Rxc1 Rc6 22. Rxc6 Qxc6 23. Qc2 Qxc2 24. Nxc2 Nb6 25. Kf1 Kf8 26. Ke2 Ke7 27. Kd3 Nfd5 28. g3 h5 29. Bc1 g6 30. h4 Kd7 1/2-1/2

[Event "IM Marmaris Karia III 2018"]
[Site "Mentese Mugla"]
[Date "2018.10.25"]
[Round "2.4"]
[White "Gevorgyan, Maria"]
[Black "Gasanov, Zaur"]
[Result "1-0"]
[ECO "B17"]
[WhiteElo "2207"]
[BlackElo "2195"]
[Annotator "NA"]
[PlyCount "99"]
[EventDate "2018.10.26"]
[EventType "tourn"]
[EventCountry "TUR"]
[SourceTitle "playchess.com"]
[Source "ChessBase"]
[SourceQuality "1"]
[TimeControl "5400+30"]

1. e4 c6 2. d4 d5 3. Nc3 dxe4 4. Nxe4 Nd7 5. Nf3 Ngf6 6. Nxf6+ Nxf6 7. Ne5 Be6 8. c3 g6 9. Be2 Bg7 10. Bd2 O-O 11. h4 h5 12. g4 hxg4 13. Nxg4 Nxg4 14. Bxg4 Bd5 15. Rh3 e5 16. dxe5 Bxe5 17. Kf1 f5 18. Be2 Kg7 19. c4 Be4 20. f3 Bd3 21. f4 Bxe2+ 22. Qxe2 Bf6 23. h5 Rh8 24. Rg3 Rh6 25. Rd1 Qe8 26. Re3 Qf7 27. Bc3 Kf8 28. Rd6 gxh5 29. Ree6 Bxc3 30. Rxh6 Bg7 31. Rhe6 h4 32. Qd3 Kg8 33. Re2 Kh8 34. Rd7 Qf6 35. Rd6 Qf7 36. Rd8+ Rxd8 37. Qxd8+ Kh7 38. Qxh4+ Kg8 39. Qd8+ Kh7 40. Rh2+ Bh6 41. b3 Qg7 42. Rd2 Qg4 43. Qd7+ Kh8 44. Qe8+ Qg8 45. Qh5 Qe6 46. Re2 Qf6 47. Qe8+ Kh7 48. Qe7+ Bg7 49. Qxf6 Bxf6 50. Rd2 1-0

[Event "IM Marmaris Karia III 2018"]
[Site "Mentese Mugla"]
[Date "2018.10.27"]
[Round "4.1"]
[White "Rzayev, Bahruz"]
[Black "Eminov, Orkhan"]
[Result "1/2-1/2"]
[ECO "C68"]
[WhiteElo "2381"]
[BlackElo "2343"]
[Annotator "NA"]
[PlyCount "39"]
[EventDate "2018.10.26"]
[EventType "tourn"]
[EventCountry "TUR"]
[SourceTitle "playchess.com"]
[Source "ChessBase"]
[SourceQuality "1"]
[TimeControl "5400+30"]

1. e4 e5 2. Nf3 Nc6 3. Bb5 a6 4. Bxc6 dxc6 5. O-O Qd6 6. d4 exd4 7. Qxd4 Qxd4 8. Nxd4 Bc5 9. Be3 Bb6 10. Nc3 Ne7 11. Rad1 Bd7 12. h3 O-O-O 13. f4 Rhe8 14. Rfe1 $15 Kb8 15. Kh2 Bc8 16. Bg1 Bd7 17. Be3 Bc8 18. Bg1 Bd7 19. Be3 Bc8 20. Bg1 1/2-1/2

[Event "IM Marmaris Karia III 2018"]
[Site "Mentese Mugla"]
[Date "2018.10.27"]
[Round "4.2"]
[White "Gevorgyan, Maria"]
[Black "Dedebas, Emre Emin"]
[Result "1/2-1/2"]
[ECO "C85"]
[WhiteElo "2207"]
[BlackElo "2302"]
[Annotator "NA"]
[PlyCount "94"]
[EventDate "2018.10.26"]
[EventType "tourn"]
[EventCountry "TUR"]
[SourceTitle "playchess.com"]
[Source "ChessBase"]
[SourceQuality "1"]
[TimeControl "5400+30"]

1. e4 e5 2. Nf3 Nc6 3. Bb5 a6 4. Ba4 Nf6 5. O-O Be7 6. Bxc6 dxc6 7. d3 Nd7 8. Nbd2 O-O 9. Nc4 f6 10. Nh4 Nc5 11. Nf5 Bxf5 $11 12. exf5 Re8 13. Qg4 Bf8 14. Re1 Qd5 15. Be3 Rad8 16. b3 b6 17. Rad1 Nb7 18. a4 Qd7 19. Bc1 Bc5 20. Be3 Bf8 21. Qf3 Qd5 22. Qh5 Qd7 23. Ra1 Bb4 24. Bd2 Bxd2 25. Nxd2 Nd6 26. g4 a5 27. Re3 Qf7 28. Qxf7+ Kxf7 29. Kg2 Nc8 30. Re4 Ne7 31. b4 axb4 32. Rxb4 c5 33. Rc4 Nc6 34. Nb3 Nd4 35. Nd2 Ra8 36. Re1 Ra7 37. f4 exf4 38. Rxe8 Kxe8 39. c3 Nc6 40. Rxf4 Ne5 41. d4 cxd4 42. Rxd4 c5 43. Re4 Kd7 44. g5 Kc6 45. gxf6 gxf6 46. Rh4 Rg7+ 47. Kf2 Rg4 1/2-1/2

[Event "IM Marmaris Karia III 2018"]
[Site "Mentese Mugla"]
[Date "2018.10.29"]
[Round "8.1"]
[White "Bagaturov, Giorgi"]
[Black "Eminov, Orkhan"]
[Result "0-1"]
[ECO "E63"]
[WhiteElo "2417"]
[BlackElo "2343"]
[Annotator "NA RC"]
[PlyCount "142"]
[EventDate "2018.10.26"]
[EventType "tourn"]
[EventCountry "TUR"]
[SourceTitle "playchess.com"]
[Source "ChessBase"]
[SourceQuality "1"]
[TimeControl "5400+30"]

1. d4 Nf6 2. Nf3 g6 3. c4 d6 4. g3 Bg7 5. Bg2 O-O 6. Nc3 Nc6 7. O-O a6 8. b3 Rb8 9. Nd5 Bg4 10. Bb2 {[%emt 0:05:30] E63: King's Indian: Fianchetto: Panno Variation with 7...a6} (10. Nxf6+ Bxf6 11. Bb2 Qc8 12. Qd2 Qf5 13. Rac1 Bxf3 14. exf3 e6 15. h4 Bg7 16. d5 Bxb2 17. Qxb2 exd5 18. cxd5 Qxd5 {½-½ (62) Swiercz,D (2669)-Neef,M (2463) Barcelona 2018}) 10... b5 {[%emt 0:23:30] LiveBook: 4 Games} 11. Ne3 bxc4 12. Nxc4 Nb4 $146 ({Predecessor:} 12... Qd7 13. Re1 Bh3 14. Bh1 Be6 15. Rc1 Bh6 16. e3 Nb4 17. a3 Nc6 {1-0 (26) Harika,D (2524)-Sigfusson,S (2336) Reykjavik 2011}) 13. Ne1 Qd7 14. Nd3 Nxd3 15. Qxd3 Bh3 16. Rfe1 Bxg2 17. Kxg2 Rb5 18. h3 c5 (18... Rfb8 $11) 19. d5 Ra8 20. e4 h5 21. Rad1 Qb7 22. Qf3 Ne8 23. e5 dxe5 24. Bxe5 a5 25. Re3 $16 (25. g4 $18 {is more deadly.}) 25... a4 26. Rde1 Bf8 27. g4 h4 28. g5 axb3 29. axb3 Rd8 30. Rd3 Bg7 31. Kg1 Bf8 32. Re4 Bg7 33. Rxh4 Rb4 34. Rf4 Rxc4 35. bxc4 Bxe5 36. Re4 Bd6 37. Rb3 Qd7 38. Qg4 Qa4 39. Rf3 Ng7 40. h4 Qd1+ 41. Kg2 Rb8 42. Rfe3 Qa1 43. Re1 Qa2 44. R1e2 Qa5 45. Qd7 Rd8 46. Qg4 Nh5 47. f4 Rb8 48. f5 Rb3 49. f6 Rg3+ 50. Qxg3 Nxg3 51. fxe7 Bxe7 52. Kxg3 Bd6+ 53. Kg2 Kg7 54. R2e3 Qd2+ 55. Re2 Qc3 56. R2e3 Qa5 57. Re2 Qc7 58. R2e3 Qd7 59. Rf3 Qa4 60. Rfe3 Qa5 61. Re2 Bb8 62. R2e3 Qc7 63. Rh3 Qd6 64. Kg1 Qb6 65. Rhe3 Qa5 66. Kg2 Qa4 67. Re2 Qd7 68. Rf2 Qd6 69. Rf3 Qh2+ 70. Kf1 Bg3 71. Ree3 Bxh4 0-1

[Event "IM Marmaris Karia III 2018"]
[Site "Mentese Mugla"]
[Date "2018.10.29"]
[Round "8.3"]
[White "Gevorgyan, Maria"]
[Black "Guseynov, Alihan"]
[Result "1/2-1/2"]
[ECO "B23"]
[WhiteElo "2207"]
[BlackElo "2284"]
[Annotator "NA"]
[PlyCount "60"]
[EventDate "2018.10.26"]
[EventType "tourn"]
[EventCountry "TUR"]
[SourceTitle "playchess.com"]
[Source "ChessBase"]
[SourceQuality "1"]
[TimeControl "5400+30"]

1. e4 c5 2. Nc3 Nc6 3. Bb5 Nd4 4. Bc4 g6 5. Nf3 Bg7 6. Nxd4 cxd4 7. Qf3 Nh6 {[%emt 0:00:30] LiveBook: 211 Games} 8. d3 {[%emt 0:00:00] B23: Closed Sicilian: Lines without g3} (8. Ne2 O-O 9. h3 e6 10. d3 f5 11. Qg3 fxe4 12. dxe4 d5 13. exd5 exd5 14. Bd3 Nf5 15. Qh2 Qe7 16. Bd2 Nd6 {0-1 (36) Hou,Y (2609)-Shirov,A (2696) Tromsoe 2013}) 8... Qa5 9. Bxh6 Bxh6 10. Qxf7+ Kd8 11. Qd5 Qxd5 12. Nxd5 e6 13. Nf6 Bg7 14. e5 Bxf6 15. exf6 Rf8 {[%emt 0:00:30] [#]} 16. h4 $146 Rxf6 17. h5 g5 18. h6 Ke7 19. Rh5 Rg6 20. f3 d5 21. Bb3 Bd7 22. c3 dxc3 23. bxc3 Rgg8 24. Kd2 Raf8 25. Re1 Kd6 26. Bd1 Be8 27. Rh2 e5 28. g3 $11 Bg6 29. Ke3 Rc8 30. Kd2 Rgf8 1/2-1/2

[Event "IM Marmaris Karia III 2018"]
[Site "Mentese Mugla"]
[Date "2018.10.30"]
[Round "10.1"]
[White "Gevorgyan, Maria"]
[Black "Eminov, Orkhan"]
[Result "1-0"]
[ECO "B75"]
[WhiteElo "2207"]
[BlackElo "2343"]
[Annotator "NA"]
[PlyCount "91"]
[EventDate "2018.10.26"]
[EventType "tourn"]
[EventCountry "TUR"]
[SourceTitle "playchess.com"]
[Source "ChessBase"]
[SourceQuality "1"]
[TimeControl "5400+30"]

1. e4 c5 2. Nf3 d6 3. d4 cxd4 4. Nxd4 Nf6 5. Nc3 g6 6. f3 Bg7 7. Be3 a6 8. Bc4 b5 9. Bb3 {[%emt 0:02:30] B75: Sicilian Dragon: Yugoslav Attack, Miscellaneous} Bb7 10. Qd2 h5 11. h4 (11. O-O-O Nbd7 12. Rhe1 Rc8 13. Kb1 Ne5 14. Bg5 Nc4 15. Bxc4 Rxc4 16. Nb3 {1-0 (42) Abrahamyan,T (2364)-Can,E (2578) Reykjavik 2017}) 11... Nbd7 12. a4 bxa4 13. Nxa4 $146 ({Predecessor:} 13. Bxa4 Rc8 14. O-O O-O 15. Bxd7 Nxd7 16. Nb3 {½-½ (30) Sadubayev,A (2117)-Dordzhieva,D (2316) Ulaanbaatar 2015}) 13... Rc8 14. Ne2 O-O 15. Nf4 Ne5 16. Nb6 Rb8 17. Nbd5 Bxd5 18. Nxd5 Nxd5 19. Qxd5 Rb5 20. Qd2 a5 21. Bd4 Qc7 22. Ra4 Nd7 23. Bc4 Rbb8 (23... Rb7 $15 24. Bxg7 Kxg7) 24. Qc3 $1 Nc5 (24... Rfc8 $1 $11 25. Bxg7 Nb6) 25. Bxg7 e5 26. Rxa5 ({Don't take} 26. Bxf8 Nxa4 27. Bxd6 Qxd6 $11) 26... Kxg7 {[%emt 0:00:23] [#]} 27. b3 $1 Ne6 28. Kd2 Nd4 29. Raa1 Rfc8 30. f4 Qc5 31. Rhf1 Rc7 32. Ra4 Qc6 33. Qe3 Rd8 34. c3 Nb5 35. Rb4 Na3 36. Bd5 Qa6 37. Qd3 Qc8 $18 38. Ra4 Nb5 39. Qxb5 Rxc3 40. Rc4 Rxc4 41. Qxc4 Qg4 42. fxe5 dxe5 43. Rxf7+ Kh6 44. Qe2 Qxh4 45. Qe3+ g5 46. Qb6+ 1-0